 Dungeon Crawl Stone Soup version 0.32-a0-391-gce5c0aab1b (webtiles) character file.

Game seed: 14897056867850606720

6304 Monkooky the Prestidigitator (level 10, -1/79 HPs)
             Began as a Coglin Artificer on Feb 19, 2024.
             Was an Elder of Ashenzari.
             Slain by an orc warrior
             ... wielding a +0 glaive
              (6 damage)
             ... on level 9 of the Dungeon.
             The game lasted 00:28:28 (9946 turns).

Monkooky the Prestidigitator (Coglin Artificer)     Turns: 9946, Time: 00:28:29

Health: -1/79      AC:  8    Str: 16    XL:     10   Next: 95%
Magic:  19/19      EV: 12    Int: 12    God:    Ashenzari [****..]
Gold:   633        SH:  0    Dex: 14    Spells: 9/9 levels left

rFire   . . .        K - staff of cold {Chikashi}
rCold   + . .        B - staff of death {Nodoka}
rNeg    + . .        b - +0 leather armour "Stellar Boredom" {Melee, Comp} (curse)
rPois   .            G - +0 helmet
rElec   .            C - +0 cloak "Nihilism of Ashenzari" {Melee, Comp} (curse)
rCorr   .            (no gloves)
SInv    +            i - +2 pair of boots "Negligence of Ashenzari" {Cun, Dev} (curse)
Will    .....        w - amulet of Ashenzari's Chagrin {RegenMP, Bglg, Sorc} (curse)
Stlth   ++           r - ring of Ashenzari's Vision {SInv, Melee, Range} (curse)
HPRegen 0.33/turn    J - ring "Visionary of Ashenzari" {MP+9, Comp, Melee} (curse)
MPRegen 0.56/turn

%: clarity
@: stiff-legged, very slow
A: off-hand wielding, slow wielding, warmup strikes, warmup strides
a: Renounce Religion, Shatter the Chains


You were on level 9 of the Dungeon.
You worshipped Ashenzari.
Ashenzari was greatly pleased with you.
You visited 2 branches of the dungeon, and saw 12 of its levels.
You also visited: Bailey.

You collected 1705 gold pieces.
You spent 1072 gold pieces at shops.

Inventory:

Missiles
 R - 4 curare-tipped darts
 T - 11 boomerangs
Armour
 b - the cursed +0 leather armour "Stellar Boredom" (worn) {Melee, Comp}

   It has a curse which improves the following skills: Melee Combat: Short
   Blades, Long Blades, Axes, Maces & Flails, Polearms, Staves and Unarmed
   Combat.
   Companions: Summonings and Necromancy.
 i - the cursed +2 pair of boots "Negligence of Ashenzari" (worn) {Cun, Dev}
   (You found it on level 1 of the Dungeon)

   It has a curse which improves the following skills: Cunning: Dodging and
   Stealth.
   Devices:   Evocations and Shapeshifting.
 C - the cursed +0 cloak "Nihilism of Ashenzari" (worn) {Melee, Comp}
   (You found it on level 4 of the Dungeon)

   It has a curse which improves the following skills: Melee Combat: Short
   Blades, Long Blades, Axes, Maces & Flails, Polearms, Staves and Unarmed
   Combat.
   Companions: Summonings and Necromancy.
 E - a +1 robe
 G - a +0 helmet (worn)
 I - a +0 plate armour
 P - a scarf of repulsion
 Y - +2 ice dragon scales
Magical Staves
 B - a staff of death (worn) {Nodoka}
 K - a staff of cold (weapon) {Chikashi}
Jewellery
 r - the cursed ring of Ashenzari's Vision (left grasper) {SInv, Melee, Range}
   (You found it on level 4 of the Dungeon)

   [ring of see invisible]

   SInv:      It lets you see invisible.
   It has a curse which improves the following skills: Melee Combat: Short
   Blades, Long Blades, Axes, Maces & Flails, Polearms, Staves and Unarmed
   Combat.
   Ranged Combat: Ranged Weapons and Throwing.
 v - a ring of fire
 w - the cursed amulet of Ashenzari's Chagrin (around neck) {RegenMP, Bglg, Sorc}
   (You took it off an orc on level 3 of the Dungeon)

   [amulet of magic regeneration]

   RegenMP:   It increases your rate of magic regeneration.
   It has a curse which improves the following skills: Beguiling: Hexes and
   Translocations.
   Sorcery:   Conjurations and Alchemy.
 J - the cursed ring "Visionary of Ashenzari" (right grasper) {MP+9, Comp, Melee}
   (You found it on level 5 of the Dungeon)

   [ring of magical power]

   MP+9:      It affects your magic capacity (+9).
   It has a curse which improves the following skills: Companions: Summonings
   and Necromancy.
   Melee Combat: Short Blades, Long Blades, Axes, Maces & Flails, Polearms,
   Staves and Unarmed Combat.
Wands
 c - a wand of flame (9) (quivered)
 d - a wand of charming (3)
 e - a wand of iceblast (11)
 n - a wand of digging (5)
 W - a wand of polymorph (10)
Scrolls
 f - a scroll of blinking
 k - 3 scrolls of vulnerability
 o - a scroll of silence
 p - 3 scrolls of teleportation
 t - 3 scrolls of immolation
 y - a scroll of fog
 z - 4 scrolls of noise
 A - 2 scrolls of amnesia
 H - 2 scrolls of revelation
 O - 2 scrolls of fear
 V - a scroll of torment
 X - 2 scrolls of poison
 Z - a scroll of brand weapon
Potions
 a - a potion of cancellation
 h - 7 potions of enlightenment
 j - 4 potions of curing
 l - 2 potions of haste
 m - 2 potions of might
 s - 2 potions of berserk rage
 u - a potion of degeneration
 D - a potion of invisibility
 L - a potion of attraction
 M - a potion of heal wounds
 N - a potion of ambrosia
 Q - a potion of mutation


   Skills:
 - Level 7.4 Fighting
 - Level 9.3(13.8) Axes
 - Level 3.2(9.9) Maces & Flails
 + Level 7.0(11.5) Staves
 - Level 1.7 Armour
 - Level 0.8(1.8) Dodging
 - Level 0.7(1.6) Stealth
 - Level 9.7(11.5) Evocations


You had 9 spell levels left.
You didn't know any spells.
Your spell library contained the following spells:

 Spells                   Type           Power      Damage    Failure   Level
 Magic Dart               Conj           0%         1d3       36%         1
 Call Imp                 Summ           2%         N/A       45%         2
 Sublimation of Blood     Necr           1%         N/A       45%         2
 Blink                    Tloc           0%         N/A       50%         2
 Cigotuvi's Dreadful Rot  Necr/Alch/Air  0%         N/A       50%         2
 Inner Flame              Hex/Fire       0%         N/A       75%         3
 Volatile Blastmotes      Fire/Tloc      0%         2d10      75%         3
 Frozen Ramparts          Ice            0%         1d1       77%         3
 Dispel Undead            Necr           1%         3d6       97%         4
 Martyr's Knell           Necr/Summ      1%         N/A       97%         4
 Cause Fear               Hex            0%         N/A       98%         4
 Flame Wave               Conj/Fire      0%         2d4       98%         4
 Fulminant Prism          Conj/Alch      0%         3d5       98%         4
 Iskenderun's Mystic Bla  Conj/Tloc      0%         2d3       98%         4
 Leda's Liquefaction      Alch/Erth      0%         N/A       98%         4
 Petrify                  Alch/Erth      0%         N/A       98%         4
 Sticky Flame             Fire/Alch      0%         2d4       98%         4
 Fireball                 Conj/Fire      0%         3d3       100%        5
 Metabolic Englaciation   Hex/Ice        0%         N/A       100%        5
 Death Channel            Necr           0%         N/A       100%        6
 Summon Hydra             Summ           0%         N/A       100%        7
 Dragon's Call            Summ           0%         N/A       100%        9


Dungeon Overview and Level Annotations

Branches:
Dungeon (11/15)            Temple (1/1) D:4            Lair (0/5) D:8
 Bailey (visited)
    Orc: D:9-12

Altars:
Ashenzari
Cheibriados
Dithmenos
Elyvilon
Gozag
Hepliaklqana
Kikubaaqudgha
Makhleb
Nemelex Xobeh
Okawaru
Qazlal
Ru
Sif Muna
Trog
Uskayaw
Vehumet
Wu Jian
Xom
Yredelemnul
Zin
The Shining One

Shops:
D:6 *(?!*[!

Annotations:
D:6 2 transporters, yleetSyT's ghost, novice MiHu


Innate Abilities, Weirdness & Mutations

You can wield a second weapon in your off-hand.
It takes a long time for you to wield or remove held weapons.
Your first few attacks do less damage.
Your first movements take longer.


Message History

Okay, then.
Aiming: Polymorph
Press: ? - help, Shift-Dir - straight line, f - orc warrior
Aim: an orc warrior, wielding a +0 flail and wearing a +0 chain mail (heavily wounded, will become a golden eye, a bullfrog, or a warg, chance to affect: 73%)
The orc warrior evaporates and reforms as a bullfrog!
The orc warrior barely misses you. The bullfrog barely misses you.
You closely miss the bullfrog with your staff of death.
The bullfrog is heavily wounded.
You hit the bullfrog with your staff of cold.
An orc warrior comes into view. It is wielding a +0 dire flail.
The bullfrog hits you but does no damage.
The orc warrior hits you from afar with a +0 glaive!!
* * * LOW HITPOINT WARNING * * *
A gnoll comes into view. It is wielding a +0 whip.
The bullfrog barely misses you.
A gnoll comes into view. It is wielding a +0 spear.
The howler monkey hoots and howls with incredible vigour!
The orc warrior closely misses you. The bullfrog hits you.
* * * LOW HITPOINT WARNING * * *
The orc wizard casts a spell at you.
You feel momentarily confused.
The gnoll shouts!
You hear a shout! x3
Unknown command.
Aiming: Charm
Press: ? - help, Shift-Dir - straight line, f/p - bullfrog
Aim: a bullfrog (severely wounded, chance to affect: 73%)
The bullfrog is charmed.
The orc warrior closely misses you.
Unknown command.
Aiming: Charm
Press: ? - help, Shift-Dir - straight line, f - orc wizard, p - bullfrog
Aim: an orc wizard, wielding a +0 dagger and wearing a +0 robe (slightly transparent, chance to affect: 73%)
The orc wizard is charmed.
The orc warrior hits you from afar with a +0 glaive!
* * * LOW HITPOINT WARNING * * *
Aiming: Charm
Press: ? - help, Shift-Dir - straight line, f - gnoll, p - orc wizard
Aim: a gnoll, wielding a +0 club (chance to affect: 80%)
The gnoll is charmed.
The orc warrior hits you from afar with a +0 glaive.
You die...

,,,,,,...#.'.).....##### #.
,,,,.......#<......'...###.
,,,,.....g.g)...)..###...'.
~~~~~≈≈≈≈≈≈ß.......# #####.
~~~~~≈≈≈≈≈ß≈...)...# #.
*#######'.≈≈.......# #.
,.......#.≈≈.'###### #.
,.o....h##≈≈.)$# #.
,......ooF@g.#$#### #.
,.......##≈≈.#....# ##
,.......#.≈≈..###.#**
##############'.≈≈.....,..* #
≈≈≈≈≈≈≈≈≈≈≈≈≈≈≈≈ß≈......,.# #
≈≈≈≈≈≈≈≈≈≈≈≈≈≈≈≈≈ß........#######
................................'
#........####...........#######
##.......# ****#,,,,,,,* #


You could see an orc warrior, a howler monkey, 2 gnolls, an orc, a friendly
bullfrog (charmed) and a friendly gnoll (charmed).

Vanquished Creatures
  Grinder (D:5)
  A hornet (D:8)
  A shadow (D:10)
  Eustachio (D:5)
  Grum (D:8)
  Edmund (D:5)
  An acid dragon (D:7)
  3 water moccasins
  12 orc warriors
  An ice beast (D:6)
  A black bear (D:5)
  2 ogres
  5 centaurs
  2 wolves (D:8)
  A phantom (D:5)
  A kobold brigand (D:4)
  Blork the orc (D:5)
  4 bullfrogs
  A gnoll sergeant (D:10)
  5 scorpions
  8 wights
  7 killer bees
  An electric eel (D:9)
  4 howler monkeys (D:8)
  4 hounds
  2 jellies (D:6)
  2 orc priests
  A gnoll bouda (D:6)
  An iguana (D:6)
  6 orc wizards
  A sleepcap (D:7)
  3 adders
  10 gnolls
  A white imp (D:5)
  2 ufetubi (D:5)
  4 dart slugs
  2 ribbon worms
  24 orcs
  14 ball pythons
  9 endoplasms
  4 giant cockroaches (D:3)
  4 goblins
  6 hobgoblins
  4 quokkas
  4 bats
  2 frilled lizards
  16 kobolds
  2 rats (D:3)
194 creatures vanquished.

Vanquished Creatures (collateral kills)
  A centaur (D:7)
  A wolf (D:8)
  A bullfrog (D:7)
  A howler monkey (D:8)
  A hound (D:7)
5 creatures vanquished.

Vanquished Creatures (others)
  A wyvern (D:8)
  A killer bee (D:10)
2 creatures vanquished.

Grand Total: 201 creatures vanquished

Notes
Turn   | Place    | Note
-------+----------+-------------------------------------------
     0 | D:1      | Monkooky the Coglin Artificer began the quest for the Orb.
     0 | D:1      | Reached XP level 1. HP: 15/15 MP: 1/1
    57 | D:1      | Reached skill level 1 in Maces & Flails
    58 | D:1      | Reached XP level 2. HP: 5/21 MP: 2/2
   265 | D:1      | Reached XP level 3. HP: 25/26 MP: 3/3
   565 | D:2      | Reached XP level 4. HP: 32/32 MP: 4/4
  1377 | D:3      | Reached XP level 5. HP: 39/39 MP: 5/5
  1729 | D:4      | Found a staircase to the Ecumenical Temple.
  1751 | Temple   | Entered the Ecumenical Temple
  1787 | Temple   | Became a worshipper of Ashenzari the Shackled
  1884 | D:4      | Noticed a kobold brigand
  1904 | D:4      | Killed a kobold brigand
  2014 | D:4      | Found a sparkling altar of Nemelex Xobeh.
  2037 | D:4      | Reached XP level 6. HP: 46/49 MP: 6/6
  2675 | D:4      | Reached skill level 5 in Evocations
  2923 | D:5      | Entered Level 5 of the Dungeon
  2960 | D:5      | Noticed a black bear
  2963 | D:5      | Reached * piety under Ashenzari
  2975 | D:5      | Killed a black bear
  2976 | D:5      | Reached XP level 7. HP: 54/55 MP: 7/7
  2996 | D:5      | Noticed Blork the orc
  3005 | D:5      | Killed Blork the orc
  3006 | D:5      | Reached skill level 1 in Axes
  3019 | D:5      | Noticed Edmund
  3030 | D:5      | Killed Edmund
  3053 | D:5      | Identified the cursed +0 cloak "Nihilism of Ashenzari"
                  | {Melee, Comp} (You found it on level 4 of the Dungeon)
  3053 | D:5      | Identified the cursed +0 leather armour "Stellar Boredom"
                  | {Melee, Comp}
  3342 | D:5      | Reached XP level 8. HP: 23/61 MP: 8/8
  3521 | D:5      | Reached skill level 5 in Axes
  3639 | D:5      | Noticed Eustachio
  3686 | D:5      | Killed Eustachio
  3835 | D:5      | Noticed Grinder
  3836 | D:5      | Paralysed by Grinder for 2 turns
  3840 | D:5      | Paralysed by Grinder for 5 turns
  3855 | D:5      | Killed Grinder
  4237 | D:5      | Reached ** piety under Ashenzari
  4306 | D:6      | Noticed yleetSyT's ghost (novice MiHu)
  4307 | D:6      | Found a transporter.
  4323 | D:6      | Noticed a gargoyle
  4340 | D:6      | Noticed a troll
  4416 | D:6      | Found an iron altar of Okawaru.
  4442 | D:6      | Found Pugh's Distillery.
  4442 | D:6      | Found Yjutz's Armour Shop.
  4442 | D:6      | Found Taghuanu's General Store.
  4485 | D:6      | Reached XP level 9. HP: 61/66 MP: 9/9
  4567 | D:6      | Found Kuebaidgh's Magic Scroll Shop.
  4593 | D:6      | Found Ynneq's Distillery.
  4605 | D:6      | Bought a potion of attraction for 39 gold pieces
  4605 | D:6      | Bought a potion of heal wounds for 65 gold pieces
  4605 | D:6      | Bought a potion of ambrosia for 104 gold pieces
  4847 | D:6      | Found Tadabbej's Antique Weapon Emporium.
  4919 | D:6      | Found Peocykh's Assorted Antiques.
  4945 | D:6      | Found a transporter.
  5206 | D:7      | Found a flagged portal.
  5256 | Bailey   | Entered a bailey
  5300 | Bailey   | Reached skill level 5 in Fighting
  6107 | D:7      | Noticed Maurice
  6113 | D:7      | Maurice changed into Maurice the acid dragon
  6113 | D:7      | Noticed Maurice
  6134 | D:7      | Identified the cursed +0 flail "Bound Vision" {Francisca,
                  | Elem, Self} (You found it on level 1 of the Dungeon)
  6300 | D:7      | Found an ornate altar of the Wu Jian Council.
  6376 | D:7      | Reached XP level 10. HP: 52/80 MP: 10/10
  6407 | D:7      | Killed Maurice the acid dragon
  6585 | D:7      | Reached *** piety under Ashenzari
  6828 | D:8      | Reached skill level 1 in Staves
  6995 | D:8      | Found a staircase to the Lair.
  7072 | D:8      | Noticed Grum
  7284 | D:8      | Killed Grum
  8214 | D:8      | Reached skill level 5 in Staves
  8418 | D:8      | Identified a scroll of acquirement
  8431 | D:8      | Acquired 846 gold pieces
  8558 | D:6      | Bought +2 ice dragon scales for 864 gold pieces
  9235 | D:9      | You fall into a shaft and drop 2 floors!
  9251 | D:10     | Entered Level 10 of the Dungeon
  9704 | D:10     | Reached **** piety under Ashenzari
  9723 | D:10     | Noticed an orange demon
  9946 | D:9      | Slain by an orc warrior

Illustrated notes

Levels and vault maps discovered:
D:1:      dpeg_arrival_windows_large_door, layout_rooms, minmay_tetromino_i4
D:2:      layout_basic
D:3:      layout_loops_corners
D:4:      layout_gridville, old_standard_altar, minmay_temple_entry_grid,
          serial_forest, infiniplex_forest_straight_5,
          infiniplex_forest_corner_1, infiniplex_forest_clump_long,
          infiniplex_forest_clump_curved, infiniplex_forest_zigzag_2,
          infiniplex_forest_zigzag_1, chequers_mini_garden
D:5:      layout_basic, uniq_edmund, uniq_eustachio, uniq_grinder,
          uniq_blork_the_orc
D:6:      layout_rooms, lemuel_tele_altar, serial_shops, kennysheep_mini_moat,
          nicolae_shop_peninsula, shop, gammafunk_ghost_arena,
          minmay_shop_grid_forest, minmay_misc_feat_tiny
D:7:      layout_basic, kennysheep_mini, enter_bailey_2, uniq_maurice
D:8:      layout_basic, lair_entry_dummy, corexii_hall_statues_t, uniq_grum
D:9:      layout_roguey, marbit_many_paths, erik_orc_2
D:10:     layout_loops_ring, minmay_beelzebubs_servants, uniq_harold
D:11:     layout_small_grid, nicolae_xom_altar_mimics, uniq_erica, uniq_lodul
Temple:   dpeg_three_leaves_temple

Skill      XL: |  1  2  3  4  5  6  7  8  9 10 |
---------------+-------------------------------+-----
Maces & Flails | 1 2 3 |  3.2
Fighting       | 2 4 6 7 |  7.4
Evocations     | 6 9 |  9.7
Axes           | 4 8 9 |  9.3
Staves         | 7 |  7.0
Armour         | |  1.7
Dodging        | |  0.8
Stealth        | |  0.7

Action                     |  1- 3 |  4- 6 |  7- 9 | 10-12 || total
---------------------------+-------+-------+-------+-------++-------
  Melee: Club              |    13 |       |       |       ||    13
         Flail             |    43 |    80 |   199 |     7 ||   329
         Short sword       |    26 |    78 |       |       ||   104
         Hand axe          |       |     3 |   208 |     7 ||   218
         Staff             |       |       |       |   494 ||   494
  Throw: Dart              |       |       |       |     1 ||     1
 Invoke: Curse Item        |       |     2 |     2 |     3 ||     7
         Shatter the Chain |       |       |       |     1 ||     1
  Evoke: Wand              |     4 |     2 |    16 |    21 ||    43
    Use: Scroll            |       |     6 |       |     2 ||     8
         Potion            |       |       |     1 |       ||     1
   Stab: Sleeping          |     1 |     1 |       |       ||     2
 Armour: Leather armour    |    25 |    48 |   168 |   207 ||   448
         Skin              |       |       |    13 |       ||    13
  Dodge: Dodged            |    37 |    58 |   143 |   136 ||   374

Table legend: (Time is in decaauts)
 A = Elapsed time spent in this place.
 B = Non-inter-level travel time spent in this place.
 C = Inter-level travel time spent in this place.
 D = Time resting spent in this place.
 E = Time spent auto-exploring this place.
 F = Levels seen in this place.
 G = Mean time per level.
                   A        B        C        D        E       F      G
               +--------+--------+--------+--------+--------+-----+--------+
         Total |  10239 |   9696 |    543 |   1312 |   6353 |  13 |  787.6 |
       Dungeon |   9363 |   8820 |    543 |   1172 |   5939 |  11 |  851.2 |
        Temple |     47 |     47 |      0 |      0 |      0 |   1 |   47.0 |
        Bailey |    828 |    828 |      0 |    140 |    414 |   1 |  828.0 |
               +--------+--------+--------+--------+--------+-----+--------+

Top non-repeatable levels by time:
     D:8: 2228 daAuts
     D:5: 1405 daAuts
     D:4: 1144 daAuts
     D:6: 1020 daAuts
     D:3: 938 daAuts
  Bailey: 828 daAuts
     D:7: 777 daAuts
     D:1: 557 daAuts
    D:10: 481 daAuts
     D:2: 401 daAuts
     D:9: 392 daAuts
  Temple: 47 daAuts
    D:11: 15 daAuts
